Map: Newkirk Precinct TE (Void)

Players

Elazer

  • Race: Zerg Zerg
  • Spawn Location: 7:00

HeroMarine - Winner!

  • Race: Terran Terran
  • Spawn Location: 5:00

Event: IEM XI Katowice - World Championship 2017

VOD

Have the link to the VOD?

Description

Time

  • Played on: Feb. 27, 2017, 11:59 a.m.
  • Length: 11:32

All games in this series

Show
View Real Time Build Order
Export as new Build Order

Elazer Zerg 

Build Orders: Hatch First 

Get SALT Encoding   

  12  0:00  Drone  
  13  0:12  Overlord  
  13  0:17  Drone  
  14  0:30  Drone x2  
  14  0:35  Drone  
  17  0:52  Hatchery  
  17  0:55  Drone  
  17  0:58  Drone  
  18  1:09  Extractor  
  17  1:13  Spawning Pool  
  17  1:16  Drone  
  17  1:20  Drone  
  18  1:28  Drone  
  19  1:39  Overlord  
  19  1:59  Queen  
  19  2:00  Zergling x4  
  23  2:04  Queen, Drone  
  26  2:08  Metabolic Boost  
  26  2:11  Drone  
  28  2:15  Drone  
  28  2:34  Hatchery  
  28  2:35  Drone  
  28  2:36  Drone  
  29  2:39  Drone  
  30  2:46  Queen  
  30  2:50  Overlord  
  32  2:54  Drone  
  32  2:56  Drone  
  34  3:00  Drone  
  34  3:01  Drone  
  36  3:09  Drone x3  
  36  3:10  Drone  
  36  3:12  Drone  
  41  3:14  Drone  
  41  3:18  Overlord  
  42  3:24  Queen  
  44  3:31  Roach Warren  
  44  3:32  Zergling x2  
  44  3:37  Zergling x4  
  44  3:38  Drone  
  44  3:39  Drone  
  49  3:41  Drone  
  49  3:45  Overlord  
  49  3:46  Drone  
  50  3:54  Drone x2  
  52  3:59  Queen  
  52  4:01  Extractor, Drone x3  
  56  4:07  Drone  
  56  4:08  Spore Crawler, Zergling x2  
  57  4:10  Zergling x2  
  57  4:13  Roach  
  57  4:14  Roach  
  62  4:19  Roach  
  62  4:23  Roach  
  65  4:26  Roach  
  65  4:34  Overlord  
  65  4:41  Spore Crawler  
  65  4:44  Overlord  
  64  4:51  Overlord  
  64  4:52  Queen  
  66  4:53  Roach x3  
  66  4:54  Overlord  
  66  4:57  Evolution Chamber  
  66  4:58  Roach  
  73  5:04  Roach x2  
  73  5:05  Drone x3  
  80  5:08  Drone  
  81  5:16  Overlord  
  81  5:17  Drone  
  81  5:18  Drone  
  83  5:24  Overlord  
  83  5:26  Drone x2  
  83  5:27  Drone  
  82  5:29  Drone x2  
  82  5:31  Zerg Ground Armor Level 1  
  81  5:39  Overlord  
  81  5:40  Drone  
  79  5:42  Drone  
  79  5:43  Drone  
  79  5:47  Drone  
  74  5:53  Drone x2  
  74  5:54  Drone  
  74  5:56  Drone  
  78  5:58  Ravager  
  78  5:59  Ravager  
  78  6:03  Drone  
  78  6:04  Drone x3  
  84  6:06  Drone x2  
  84  6:08  Drone  
  87  6:12  Ravager  
  87  6:13  Overlord  
  87  6:16  Drone x3  
  87  6:17  Drone  
  92  6:22  Extractor  
  91  6:26  Extractor  
  91  6:28  Extractor  
  91  6:29  Drone x2  
  91  6:32  Overlord  
  91  6:33  Drone  
  91  6:35  Ravager  
  91  6:38  Hatchery, Drone x3  
  91  6:39  Drone  
  96  6:42  Lair  
  96  6:46  Drone  
  94  6:50  Drone x2  
  94  6:51  Overlord  
  96  6:54  Evolution Chamber  
  96  6:57  Drone  
  96  6:58  Drone  
  96  6:59  Overlord  
  97  7:05  Hatchery  
  97  7:06  Drone  
  97  7:09  Drone  
  97  7:10  Spore Crawler, Baneling Nest  
  97  7:12  Roach  
  98  7:19  Roach x4  
  98  7:22  Zerg Melee Weapons Level 1  
  106  7:34  Zergling x2, Overlord  
  106  7:35  Zergling x6  
  110  7:37  Zergling x2  
  110  7:38  Zergling x6  
  110  7:40  Zerg Ground Armor Level 2  
  110  7:43  Ravager x2  
  110  7:44  Overlord  
  116  7:47  Drone  
  116  7:50  Drone  
  118  7:51  Extractor  
  118  7:56  Drone x3  
  118  7:57  Zergling x10  
  125  8:01  Centrifical Hooks, Overlord  
  114  8:15  Overlord  
  114  8:16  Drone x3  
  114  8:19  Overlord  
  116  8:20  Zergling x10  
  116  8:26  Infestation Pit  
  119  8:27  Drone x7  
  119  8:29  Drone  
  119  8:30  Drone x2  
  119  8:32  Drone x2  
  130  8:39  Zergling x8  
  130  8:40  Zergling x2  
  135  8:44  Overlord  
  135  8:45  Zergling x4  
  137  8:49  Zergling x4  
  137  8:50  Spore Crawler, Zergling x4  
  140  8:55  Overlord  
  140  8:56  Zergling x8  
  140  8:59  Zergling x4  
  145  9:04  Hive  
  142  9:16  Zergling x10  
  142  9:17  Zergling x6  
  150  9:20  Zergling x8  
  150  9:21  Baneling x3  
  154  9:25  Zergling x2  
  154  9:26  Zergling x18  
  154  9:28  Baneling x6  
  161  9:36  Overlord  
  161  9:38  Zergling x18  
  168  9:48  Overlord  
  167  9:55  Zergling x14  
  171  10:04  Zergling x12  
  177  10:17  Ultralisk Cavern  
  177  10:19  Zergling x14  
  177  10:21  Baneling x5  
  182  10:23  Ravager x2  
  182  10:24  Ravager  
  182  10:25  Baneling x4  
  182  10:26  Zergling x14  
  185  10:40  Zergling x2  
  185  10:41  Zergling x14  
  185  10:54  Zergling x2  
  185  10:55  Zergling x24  
  185  10:57  Baneling x9  
  177  11:04  Zergling x2  
  177  11:05  Zergling x18  
Show
View Real Time Build Order
Export as new Build Order

HeroMarine Terran - Winner!

Build Orders: Liberator Opening, Reaper Expand, MMM Bio 

Get SALT Encoding   

  12  0:00  SCV  
  13  0:12  SCV  
  14  0:17  Supply Depot  
  14  0:25  SCV  
  15  0:30  Refinery  
  15  0:39  SCV  
  16  0:45  Barracks  
  16  0:51  SCV  
  17  1:03  SCV  
  18  1:15  SCV  
  19  1:33  Reaper, Orbital Command  
  20  1:46  Command Center  
  20  1:55  Factory  
  20  1:58  SCV  
  21  2:06  Refinery  
  21  2:08  Barracks Reactor  
  21  2:10  SCV  
  22  2:16  Supply Depot  
  23  2:22  SCV  
  23  2:37  SCV  
  23  2:40  Starport  
  24  2:48  Hellion  
  24  2:49  SCV  
  29  2:51  Hellion, Barracks Tech Lab  
  29  3:00  Orbital Command  
  29  3:01  SCV  
  30  3:14  SCV  
  30  3:15  Hellion  
  30  3:16  Hellion  
  30  3:19  Marine  
  36  3:24  Medivac  
  36  3:25  SCV  
  39  3:28  SCV  
  39  3:34  Supply Depot  
  40  3:38  SCV  
  40  3:40  Liberator, SCV  
  42  3:44  Hellion  
  42  3:45  Hellion  
  46  3:55  SCV x2  
  48  3:57  Supply Depot  
  51  4:03  Armory  
  51  4:06  Hellion  
  53  4:15  SCV  
  54  4:17  Supply Depot  
  54  4:18  SCV  
  54  4:19  Hellion  
  56  4:27  SCV  
  56  4:30  SCV  
  58  4:39  Command Center  
  58  4:40  SCV  
  58  4:43  SCV  
  58  4:44  Supply Depot  
  60  4:52  Marine, SCV  
  62  4:53  Stimpack  
  62  4:55  SCV  
  63  5:00  Barracks  
  63  5:01  Factory Reactor, Barracks  
  63  5:06  Liberator, SCV  
  65  5:07  SCV  
  65  5:12  Marine  
  66  5:18  SCV  
  66  5:19  SCV  
  63  5:23  Engineering Bay x2  
  63  5:25  Hellion x4  
  64  5:30  Marine, SCV  
  64  5:31  SCV  
  67  5:42  SCV  
  66  5:43  SCV  
  66  5:47  Marine  
  66  5:49  Terran Infantry Armor Level 1, Terran Infantry Weapons Level 1  
  56  5:51  Marine, Factory Tech Lab  
  56  5:54  SCV  
  56  5:55  SCV  
  56  5:56  Marine x2  
  56  5:57  Marine  
  62  6:05  Marine  
  62  6:06  Starport Reactor  
  62  6:08  SCV x2  
  62  6:09  Marine  
  66  6:13  Marine x2, Siege Tank  
  66  6:14  Orbital Command  
  71  6:21  Supply Depot  
  71  6:22  Marine, Refinery x2  
  71  6:25  Marine  
  71  6:27  Marine  
  71  6:31  Marine x2  
  74  6:40  Marine  
  74  6:43  Marine  
  74  6:45  Marine, Siege Tank  
  78  6:47  SCV x2  
  78  6:49  Marine  
  78  6:50  Orbital Command  
  82  6:54  Medivac x2  
  82  6:56  Barracks x2  
  82  6:59  Marine x2, SCV  
  82  7:00  SCV  
  82  7:01  Marine  
  90  7:02  Marine  
  90  7:04  Hellion  
  90  7:05  Hellion  
  90  7:06  Supply Depot  
  90  7:07  Marine  
  92  7:09  Supply Depot  
  92  7:10  Supply Depot  
  92  7:11  SCV  
  93  7:16  Combat Shields  
  93  7:27  Medivac x2  
  93  7:28  SCV x3  
  100  7:35  Supply Depot x2  
  100  7:36  Marine x3  
  103  7:38  Marine  
  103  7:40  SCV x3  
  107  7:45  Barracks Reactor  
  107  7:46  Barracks Reactor  
  107  7:48  Refinery  
  107  7:52  SCV x3  
  107  7:56  Marine x2  
  107  7:57  Marine x2, Supply Depot  
  107  7:58  Marine, Supply Depot  
  115  8:04  SCV x3  
  116  8:14  Marine x2  
  116  8:15  Marine x2  
  116  8:16  Marine, SCV  
  116  8:17  Siege Tank, Medivac x2  
  116  8:19  Terran Infantry Weapons Level 2  
  122  8:23  Marine x2  
  122  8:24  Marine x2  
  128  8:27  Terran Infantry Armor Level 2  
  128  8:29  SCV  
  128  8:32  Marine  
  128  8:33  Marine  
  129  8:34  Marine, Barracks  
  129  8:35  Barracks  
  129  8:36  Barracks  
  129  8:37  Marine x2  
  132  8:43  Marine x3  
  132  8:45  Bunker  
  132  8:47  Supply Depot x2  
  135  8:49  Marine, Supply Depot  
  135  8:50  Marine  
  135  8:53  Siege Tank  
  140  8:57  Marine x2  
  140  8:58  Marine x2  
  140  9:00  Marine  
  140  9:01  Marine  
  140  9:02  Marine  
  147  9:03  Medivac  
  147  9:08  Marine, Medivac  
  151  9:12  Supply Depot  
  151  9:13  Marine  
  151  9:15  Marine  
  151  9:16  Marauder  
  155  9:17  Concussive Shells, Marine x2  
  155  9:21  Supply Depot  
  157  9:27  Marine x3  
  157  9:28  Barracks Tech Lab x3  
  157  9:29  Marine, Siege Tank  
  157  9:31  Marine  
  164  9:34  Marine  
  164  9:35  Marine  
  167  9:40  Marine  
  167  9:41  Marine  
  168  9:47  Marauder x2  
  168  9:48  Marauder  
  168  9:50  Command Center  
  174  9:58  Marine  
  174  9:59  Marine, Marauder  
  176  10:00  Marine x2  
  176  10:01  Marine x3  
  176  10:03  Marine  
  182  10:09  Marine, Marauder x2  
  187  10:15  Supply Depot  
  187  10:16  Marine x2  
  187  10:19  Siege Tank  
  187  10:20  Marauder  
  194  10:26  Marine x2  
  196  10:31  Marauder  
  196  10:32  Marine  
  197  10:37  Marine x3  
  200  10:52  Marine x2  
  199  10:58  Marine  
  199  11:04  Marine  
  200  11:12  Command Center  

Tags
 
Add a new tag
Caveats
  • Supply blocks, unpowered buildings, or Contaminate may cause inaccurate times.
  • Supply counts are checked every 10 seconds.